 Dungeon Crawl Stone Soup version 0.30-a0-782-ge64f9170bb (webtiles) character file.

Game seed: 17639100015920350991

6977 Leeroy the Carver (level 11, -15/50 HPs)
             Began as a Vine Stalker Warper on Mar 10, 2023.
             Was an Elder of Uskayaw.
             Demolished by a boulder beetle (36 damage)
             ... on level 11 of the Dungeon.
             The game lasted 00:39:21 (9432 turns).

Leeroy the Carver (Vine Stalker Warper)             Turns: 9432, Time: 00:39:22

Health: -15/50     AC: 10    Str: 15    XL:     11   Next: 8%
Magic:  0/15       EV: 21    Int: 13    God:    Uskayaw [****..]
Gold:   159        SH:  0    Dex: 31    Spells: 5/14 levels left

rFire   x . .      SeeInvis .    I - +5 falchion
rCold   + . .      Faith    .    (no shield)
rNeg    . . .      Spirit   +    R - +0 steam dragon scales
rPois   +          Reflect  .    (no helmet)
rElec   .          Harm     .    n - +2 cloak {rCorr}
rCorr   +          Rampage  .    t - +0 pair of gloves
Will    +....                    (no boots)
Stlth   ++                       (no amulet)
HPRegen 1.08/turn                o - ring of Virtue {Ice rPois Dex+8}
MPRegen 0.14/turn                W - +6 ring of dexterity

@: no status effects
A: fangs 3, regeneration 1, magic shield, antimagic bite, no potion heal 2
a: Renounce Religion, Stomp, Line Pass


You were on level 11 of the Dungeon.
You worshipped Uskayaw.
Uskayaw was noncommittal.
You visited 2 branches of the dungeon, and saw 12 of its levels.
You also visited: Sewer.

You collected 1299 gold pieces.
You spent 1140 gold pieces at shops.

Inventory:

Hand Weapons
 a - a +0 falchion
 m - a +0 rapier
 D - a +1 dagger of pain
 I - a +5 falchion (weapon)
 N - a +0 dagger
 Q - a +2 heavy scimitar
 S - a +0 vampiric short sword
 T - a +0 great sword
Missiles
 d - 7 boomerangs of dispersal (quivered)
 g - 41 poisoned darts
 x - 4 boomerangs
Armour
 b - a +0 leather armour
 n - a +2 cloak of preservation (worn)
 t - a +0 pair of gloves (worn)
 B - the +0 pair of boots of a volcano {-Tele rC+++ Str+3}
   (You acquired it on level 6 of the Dungeon)

   Str:       It affects your strength (+3).
   rC:        It renders you almost immune to cold.
   -Tele:     It prevents most forms of teleportation.
 C - +0 ice dragon scales
 E - a +0 ring mail of willpower
 K - a scarf of repulsion
 R - +0 steam dragon scales (worn)
Magical Staves
 G - a staff of earth
 P - a staff of fire
Jewellery
 o - the ring of Virtue (left hand) {Ice rPois Dex+8}
   (You acquired it on level 4 of the Dungeon)

   [ring of ice]

   It enhances your ice magic.
   Dex:       It affects your dexterity (+8).
   rF:        It makes you vulnerable to fire.
   rC:        It protects you from cold.
   rPois:     It protects you from poison.
 q - a ring of fire
 V - a +4 ring of slaying
 W - a +6 ring of dexterity (right hand)
Wands
 r - a wand of iceblast (6)
 v - a wand of mindburst (9)
 J - a wand of quicksilver (8)
 O - a wand of flame (20)
 U - a wand of paralysis (2)
Scrolls
 e - 5 scrolls of teleportation
 f - a scroll of torment
 h - 3 scrolls of fog
 i - 2 scrolls of noise
 k - a scroll of enchant weapon
 l - 2 scrolls of fear
 w - 2 scrolls of magic mapping
 y - 4 scrolls of amnesia
 F - 2 scrolls of enchant armour
 L - 2 scrolls of butterflies
 X - 2 scrolls of immolation
Potions
 c - 2 potions of might
 j - 3 potions of lignification
 p - a potion of invisibility
 z - a potion of haste
 A - 3 potions of degeneration
 H - 3 potions of curing
 M - a potion of berserk rage
 Y - a potion of resistance {unknown}


   Skills:
 - Level 1.7 Fighting
 + Level 11.5 Long Blades
 - Level 0.8 Throwing
 - Level 5.1 Armour
 - Level 8.0 Dodging
 - Level 2.1 Spellcasting
 - Level 3.0 Translocations


You had 5 spell levels left.
You knew the following spells:

 Your Spells              Type           Power      Damage    Failure   Level
a - Blink                 Tloc           18%        N/A       11%         2
b - Vhi's Electric Charg  Tloc/Air       10%        N/A       38%         3
c - Manifold Assault      Tloc           9%         N/A       58%         4

Your spell library contained the following spells:

 Spells                   Type           Power      Damage    Failure   Level
 Apportation              Tloc           18%        N/A       8%          1
 Lesser Beckoning         Tloc           18%        N/A       11%         2
 Teleport Other           Tloc           9%         N/A       22%         3
 Necrotise                Necr           4%         1d4       26%         1
 Summon Small Mammal      Summ           4%         N/A       26%         1
 Cigotuvi's Dreadful Rot  Necr/Pois/Air  2%         N/A       36%         2
 Poisonous Vapours        Pois/Air       2%         N/A       36%         2
 Mephitic Cloud           Conj/Pois/Air  1%         N/A       58%         3


Dungeon Overview and Level Annotations

Branches:
Dungeon (11/15)            Temple (1/1) D:6            Lair (0/5) D:9
  Sewer (visited)
    Orc: D:9-12

Altars:
Ashenzari
Cheibriados
Dithmenos
Elyvilon
Fedhas
Gozag
Hepliaklqana
Kikubaaqudgha
Makhleb
Nemelex Xobeh
Okawaru
Qazlal
Ru
Sif Muna
Trog
Uskayaw
Vehumet
Wu Jian
Xom
Yredelemnul
Zin
The Shining One

Shops:
D:9 =

Annotations:
D:8 Gastronok
D:10 1 runed translucent door


Innate Abilities, Weirdness & Mutations

You have razor-sharp teeth.
Your natural rate of healing is unusually fast.
When hurt, damage is shared between your health and your magic reserves.
Your bite disrupts and absorbs the magic of your enemies.
Potions cannot restore your health.


Message History

You bite the boulder beetle, but do no damage.
The boulder beetle is moderately wounded.
The boulder beetle leaps!
The orc warrior hits you but does no damage.
You slash the orc!
You kill the orc!
You barely miss the orc warrior.
You bite the orc warrior, but do no damage.
The orc warrior is lightly wounded.
The orc warrior hits you but does no damage.
The boulder beetle curls into a ball and begins rolling!
You slash the orc!
You kill the orc!
The orc priest misses you.
The orc warrior hits you with a +1 vampiric battleaxe.
The orc warrior draws strength from your wounds!
You can now merge with and destroy a victim.
The orc priest hits you but does no damage.
The orc warrior closely misses you. The orc priest misses you.
The orc warrior hits you with a +1 vampiric battleaxe!!
* * * LOW HITPOINT WARNING * * *
Casting: Blink (safe; 11% risk of failure)
Confirm with . or Enter, or press ? or * to list all spells.
You blink.
You can no longer merge with and destroy a victim.
The air fills with toxic fumes!
As you read the scroll of poison, it crumbles to dust.
The boulder beetle is engulfed in poison gas.
The boulder beetle is poisoned.
Okay, then.
Aiming: Paralyse
Press: ? - help, Shift-Dir - straight line, f/p - boulder beetle
Aim: a boulder beetle (poison gas, moderately wounded, rolling, poisoned, chance to affect: 31%)
The boulder beetle easily resists.
You feel stable enough to blink again.
The boulder beetle is engulfed in poison gas.
The boulder beetle looks even sicker.
The boulder beetle hits you!!!
Ouch! That really hurt!
You die...

#######.## #§§#
##§# .. #§#
#...#. #§##
#(..#. #§§#
#.#..#########§#
#.....§§§.§§§§#
#.○.###.)○##@#
#°#.o.#)#§B§#
#°..°B#§§§§#
#.#)..#§#§§##
#...###§.§###
#.... §§.§§..#
#.#..# # ######
#...#. ...#.


You could see a boulder beetle (rolling, very poisoned).

Vanquished Creatures
  An unseen horror (D:10)
  Maggie (D:8)
  2 trolls (D:9)
  A wraith (D:10)
  A yak (D:9)
  A wyvern (D:9)
  A shadow (D:9)
  3 vampire mosquitoes (D:7)
  A steam dragon (D:8)
  3 acid dragons
  4 water moccasins
  A sky beast (D:5)
  2 black bears (D:9)
  3 orc warriors
  6 ice beasts
  3 ogres
  2 centaurs
  4 kobold brigands
  2 bullfrogs
  2 necrophages
  4 scorpions
  13 wights
  3 killer bees (D:9)
  A howler monkey (D:9)
  3 hounds
  4 jellies
  6 orc priests
  10 orc wizards
  Terence (D:2)
  3 iguanas
  15 adders
  5 river rats
  5 white imps
  5 worms
  3 dart slugs
  26 orcs
  9 endoplasms
  A giant cockroach (D:1)
  6 hobgoblins
  6 jackals (D:1)
  21 kobolds
  4 quokkas
  15 ball pythons
  3 bats (D:3)
  4 frilled lizards
  7 goblins
  9 rats
236 creatures vanquished.

Vanquished Creatures (others)
  9 fungi (D:9)
  11 plants
20 creatures vanquished.

Grand Total: 256 creatures vanquished

Notes
Turn   | Place    | Note
-------+----------+-------------------------------------------
     0 | D:1      | Leeroy the Vine Stalker Warper began the quest for the Orb.
     0 | D:1      | Reached XP level 1. HP: 11/11 MP: 4/4
    72 | D:1      | Reached skill level 2 in Long Blades
   106 | D:1      | Reached XP level 2. HP: 15/15 MP: 6/6
   384 | D:1      | You fall into a shaft and drop 1 floor!
   399 | D:2      | Reached skill level 3 in Long Blades
   443 | D:2      | Learned a level 2 spell: Blink
   468 | D:2      | Reached XP level 3. HP: 15/18 MP: 7/7
   763 | D:2      | Gained mutation: Your natural rate of healing is unusually
                  | fast. [Vine Stalker growth]
   763 | D:2      | Reached XP level 4. HP: 12/23 MP: 8/8
   782 | D:2      | Noticed Terence
   827 | D:3      | Reached skill level 4 in Long Blades
  1429 | D:3      | Found a blossoming altar of Fedhas.
  1639 | D:2      | Reached XP level 5. HP: 22/26 MP: 6/9
  1923 | D:1      | Found a faded altar of an unknown god.
  2218 | D:4      | Reached skill level 5 in Long Blades
  2307 | D:4      | Reached XP level 6. HP: 19/30 MP: 10/10
  2474 | D:4      | Found a snail-covered altar of Cheibriados.
  2607 | D:4      | Found a glowing drain.
  2617 | Sewer    | Entered a sewer
  2726 | Sewer    | Reached skill level 6 in Long Blades
  2757 | Sewer    | Reached XP level 7. HP: 32/34 MP: 8/11
  3532 | D:4      | Reached skill level 7 in Long Blades
  3569 | D:4      | Identified 2 scrolls of acquirement
  3605 | D:4      | Acquired the ring of Virtue {Ice rPois Dex+8}
  3608 | D:4      | Acquired 715 gold pieces
  3927 | D:5      | Entered Level 5 of the Dungeon
  4054 | D:5      | Learned a level 3 spell: Vhi's Electric Charge
  4097 | D:4      | Learned a level 4 spell: Manifold Assault
  4148 | D:5      | Gained mutation: You have razor-sharp teeth. [Vine Stalker
                  | growth]
  4148 | D:5      | Reached XP level 8. HP: 27/38 MP: 9/12
  4264 | D:5      | Reached skill level 5 in Dodging
  4345 | D:5      | Found a stormy altar of Qazlal.
  4759 | D:5      | Reached XP level 9. HP: 42/42 MP: 13/13
  5211 | D:6      | Found a hazy altar of Hepliaklqana.
  5292 | D:6      | Found a burning altar of Makhleb.
  5296 | D:6      | Acquired the +0 pair of boots of a volcano {-Tele rC+++
                  | Str+3}
  5376 | D:6      | Noticed a gargoyle
  5397 | D:6      | Found a staircase to the Ecumenical Temple.
  5438 | Temple   | Entered the Ecumenical Temple
  5649 | D:7      | Reached skill level 1 in Armour
  6176 | D:7      | Found a hide-covered altar of Uskayaw.
  6184 | D:7      | Became a worshipper of Uskayaw the Reveller
  6505 | D:8      | Reached * piety under Uskayaw
  6508 | D:8      | Reached ** piety under Uskayaw
  6645 | D:8      | Reached skill level 5 in Armour
  6811 | D:8      | Noticed Maggie
  6823 | D:8      | Reached *** piety under Uskayaw
  6825 | D:8      | Killed Maggie
  6826 | D:8      | Reached XP level 10. HP: 42/46 MP: 14/14
  6986 | D:8      | Reached skill level 8 in Long Blades
  6998 | D:8      | Noticed Gastronok
  6999 | D:8      | Reached **** piety under Uskayaw
  7005 | D:8      | Reached ***** piety under Uskayaw
  7475 | D:2      | Killed Terence
  7955 | D:9      | Reached skill level 9 in Long Blades
  8081 | D:9      | Found Pouff's Jewellery Shop.
  8091 | D:9      | Bought a +4 ring of slaying for 780 gold pieces
  8092 | D:9      | Bought a +6 ring of dexterity for 360 gold pieces
  8154 | D:9      | Reached skill level 10 in Long Blades
  8214 | D:9      | Found a staircase to the Lair.
  8540 | D:10     | Entered Level 10 of the Dungeon
  8660 | D:10     | Found an ancient bone altar of Kikubaaqudgha.
  8706 | D:10     | Killed an unseen horror
  8707 | D:10     | Reached skill level 11 in Long Blades
  8762 | D:10     | Found a runed translucent door.
  8765 | D:10     | Noticed a kobold demonologist
  8766 | D:10     | Noticed a six-headed hydra
  8769 | D:10     | Noticed a two-headed ogre
  8778 | D:10     | Reached XP level 11. HP: 50/50 MP: 15/15
  8926 | D:10     | Found a radiant altar of Vehumet.
  9401 | D:11     | Noticed a boulder beetle
  9432 | D:11     | Demolished by a boulder beetle

Illustrated notes

Levels and vault maps discovered:
D:1:      psy_arrival_conway, layout_loops_ring,
          shapermc_ecumenical_altar_mp_highgroup
D:2:      layout_basic, minmay_pentomino_s4, uniq_terence
D:3:      corexii_shack_village, layout_rooms, mainiacjoe_overflow_alcove_1,
          serial_glass, glass_columns_a, glass_columns_a, due_unseen_surprise,
          minmay_strange_pillars, minmay_strange_pillars, item_on_display_a
D:4:      layout_gridville, cheibrodos_worm_habitat, portal_sewer_entry_b
D:5:      minmay_chambers_of_threes, layout_rooms, kennysheep_little_box,
          nrook_campfire, nicolae_underground_beach
D:6:      layout_basic, mainiacjoe_overflow_six_doors_small,
          mainiacjoe_overflow_tiny_flanked, minmay_temple_entry_statues_pillars
D:7:      layout_loops_corners, mainiacjoe_overflow_surrounded_room
D:8:      layout_loops_ring, uniq_maggie, uniq_gastronok
D:9:      layout_roguey, grunt_lair_entry_orc_guard_hut,
          minmay_shop_enchanted_jewellery, minmay_statues_item
D:10:     layout_long_grid, lemuel_coloured_pillars_altar,
          mainiacjoe_overflow_brackets, minmay_st_funbox
D:11:     layout_basic, serial_aquarium, aquarium_bridge_island_large
          [aquarium_subvault_large_water, aquarium_subvault_wall,
          aquarium_subvault_bridge, aquarium_subvault_bridge,
          aquarium_subvault_wall], aquarium_bridge_straight
          [aquarium_subvault_bridge, aquarium_subvault_wall,
          aquarium_subvault_bridge, aquarium_subvault_balcony],
          aquarium_window_1, aquarium_window_fake, aquarium_window_corner,
          aquarium_view_2c, aquarium_pool_four, nicolae_twisting_strands,
          uniq_fannar, uniq_harold
Temple:   jpeg_temple_clearing

Skill      XL: |  1  2  3  4  5  6  7  8  9 10 |
---------------+-------------------------------+-----
Long Blades    | 2 3 4 5 6 7 11 | 11.5
Dodging        | 4 7 8 |  8.0
Armour         | 5 |  5.1
Fighting       | |  1.7
Throwing       | |  0.8
Spellcasting   | |  2.1
Translocations | |  3.0

Action                     |  1- 3 |  4- 6 |  7- 9 | 10-12 || total
---------------------------+-------+-------+-------+-------++-------
  Melee: Falchion          |    97 |   212 |   363 |   229 ||   901
         Bite              |    20 |    45 |   124 |   100 ||   289
         Punch             |       |     2 |     6 |     3 ||    11
  Throw: Dart              |       |       |       |     1 ||     1
   Cast: Blink             |       |       |     1 |     3 ||     4
  Evoke: Wand              |       |       |       |     4 ||     4
    Use: Potion            |     1 |       |     7 |       ||     8
         Scroll            |       |     6 |    12 |     6 ||    24
   Stab: Sleeping          |       |     1 |     2 |     3 ||     6
         Paralysed         |       |       |     1 |    11 ||    12
         Distracted        |       |       |       |     1 ||     1
 Armour: Leather armour    |    31 |    61 |    80 |       ||   172
         Ice dragon scales |       |       |    20 |       ||    20
         Steam dragon scal |       |       |       |    48 ||    48
  Dodge: Dodged            |    59 |   131 |   264 |   203 ||   657

Table legend: (Time is in decaauts)
 A = Elapsed time spent in this place.
 B = Non-inter-level travel time spent in this place.
 C = Inter-level travel time spent in this place.
 D = Time resting spent in this place.
 E = Time spent auto-exploring this place.
 F = Levels seen in this place.
 G = Mean time per level.
                   A        B        C        D        E       F      G
               +--------+--------+--------+--------+--------+-----+--------+
         Total |   9534 |   8778 |    756 |    817 |   5431 |  13 |  733.4 |
       Dungeon |   8495 |   7751 |    744 |    466 |   5132 |  11 |  772.3 |
        Temple |    107 |     95 |     12 |      0 |     82 |   1 |  107.0 |
         Sewer |    931 |    931 |      0 |    351 |    217 |   1 |  931.0 |
               +--------+--------+--------+--------+--------+-----+--------+

Top non-repeatable levels by time:
     D:4: 1261 daAuts
     D:7: 960 daAuts
   Sewer: 931 daAuts
     D:8: 902 daAuts
     D:2: 820 daAuts
     D:1: 798 daAuts
     D:6: 795 daAuts
     D:3: 753 daAuts
    D:10: 747 daAuts
     D:5: 696 daAuts
     D:9: 660 daAuts
  Temple: 107 daAuts
    D:11: 97 daAuts
